 Dungeon Sprint DCSS version 0.17-a0-963-gaa5423c (webtiles) character file.

327 ahoge the Fighter (level 6, 0/48 HPs)
             Began as a Gargoyle Fighter on May 8, 2015.
             Was an Initiate of Okawaru.
             Slain by a gargoyle
             ... wielding a +0 morningstar
              (8 damage)
             ... in the Dungeon (Sprint IX: "|||||||||||||||||||||||||||||").
             The game lasted 00:02:24 (208 turns).

ahoge the Fighter (Gargoyle Fighter)                 Turns: 208, Time: 00:02:26

Health: 0/48       AC: 22    Str: 22    XL:     6   Next: 50%
Magic:  6/6        EV: 11    Int:  9    God:    Okawaru [......]
Gold:   0          SH:  0    Dex: 11    Spells: 0 memorised, 5 levels left

rFire  . . .     SeeInvis .     q - +2 dire flail (protect)
rCold  . . .     Clarity  .     s - +1 scale mail
rNeg   + . .     SustAb   .     (no shield)
rPois  ∞         Gourm    .     (no helmet)
rElec  +         Spirit   .     (no cloak)
rCorr  .         Warding  .     r - +0 pair of gloves
rMut   .         NoTele   +     (no boots)
MR     .....                    (no amulet)
Stlth  ..........               u - +2 ring of protection
                                t - +3 ring of strength

@: not resistant to hostile enchantments, extremely unstealthy
A: negative energy resistance 1, electricity resistance, unbreathing,
petrification resistance, rot immunity, AC +4
a: Renounce Religion


You were in the Dungeon.
You worshipped Okawaru.
Okawaru was noncommittal.
You were not hungry.

You visited 1 branch

Inventory:

Hand weapons
 a - a +0 flail
 q - a +2 dire flail of protection (weapon)
Armour
 b - a +0 scale mail
 c - a +0 shield
 r - a +0 pair of gloves (worn)
 s - a +1 scale mail (worn)
Jewellery
 t - a +3 ring of strength (left hand)
 u - a +2 ring of protection (right hand)
Magical devices
 p - a wand of cold (7)
Scrolls
 k - 2 scrolls of blinking
 n - 3 scrolls of remove curse
 o - 2 scrolls of amnesia
Potions
 d - a potion of might
 f - 5 potions of curing
 g - a potion of heal wounds
 h - a potion of haste
 i - 4 potions of magic
 j - a potion of berserk rage
 m - a potion of invisibility
Comestibles
 e - a bread ration
 l - 6 chunks of flesh


   Skills:
 + Level 10.1 Fighting
 + Level 2.9 Maces & Flails
 + Level 9.5 Armour
 + Level 4.0 Dodging
 + Level 1.0 Stealth
 - Level 3.2 Shields


You had 5 spell levels left.
You didn't know any spells.

Dungeon Overview and Level Annotations

Branches:
Dungeon (1/1)

Altars:
Cheibriados
Dithmenos
Elyvilon
Fedhas
Gozag
Kikubaaqudgha
Makhleb
Nemelex Xobeh
Okawaru
Qazlal
Ru
Sif Muna
Trog
Vehumet
Xom
Yredelemnul
Zin
The Shining One
Beogh
Jiyva
Lugonu


Innate Abilities, Weirdness & Mutations

You are resistant to torment.
Your stone body is resilient (AC +4).
You are immune to poison.
You resist negative energy.
You are resistant to electric shocks.
You can survive without breathing.
You are immune to petrification.
You are immune to rotting.


Message History

Your scale mail prevents you from hitting the gargoyle.
The gargoyle hits you with a morningstar!
You hit the gargoyle but do no damage.
The gargoyle hits you with a morningstar.
* * * LOW HITPOINT WARNING * * *
You are too injured to fight recklessly!
You are too injured to fight recklessly!
You are too injured to fight recklessly!
You are too injured to fight recklessly!
You are too injured to fight recklessly!
You are too injured to fight recklessly!
Drink which item? (? for menu, Esc to quit)
You feel much better.
You sock the gargoyle!
The gargoyle is heavily damaged.
The gargoyle hurls a stone arrow at you.
The stone arrow hits you!
* * * LOW HITPOINT WARNING * * *
The gargoyle hits you with a morningstar!
You die... ▓▓▓▓▓▓▓▓▓▓▓▓▓▓▓▓▓▓▓▓▓▓▓▓ ______'..|)[....@9a....+ ▓▓▓▓▓▓▓▓▓▓▓▓▓▓▓▓▓▓▓▓▓▓▓▓

You could see a gargoyle and a worker ant.

Vanquished Creatures
  A troll (D)
  3 crimson imps (D)
  A jelly (D)
  A giant gecko (D)
  A giant cockroach (D)
  A hobgoblin (D)
  A bat (D)
  A giant gecko skeleton (D)
  2 giant newts (D)
  A kobold (D)
  A rat (D)
14 creatures vanquished.

Notes
Turn   | Place    | Note
--------------------------------------------------------------
     0 | D        | ahoge, the Gargoyle Fighter, began the quest for the Orb.
     0 | D        | Reached XP level 1. HP: 14/14 MP: 1/1
     8 | D        | Reached skill level 4 in Fighting
    22 | D        | Noticed a crimson imp
    22 | D        | Noticed a crimson imp
    28 | D        | Reached XP level 2. HP: 18/20 MP: 2/2
    41 | D        | Killed a crimson imp
    41 | D        | Reached skill level 5 in Fighting
    41 | D        | Reached skill level 5 in Armour
    41 | D        | Reached skill level 1 in Dodging
    41 | D        | Reached XP level 3. HP: 15/27 MP: 3/3
    46 | D        | Reached skill level 6 in Fighting
    48 | D        | Killed a crimson imp
    48 | D        | Reached XP level 4. HP: 18/32 MP: 4/4
    58 | D        | Found a glowing silver altar of Zin.
    58 | D        | Found a glowing golden altar of the Shining One.
    58 | D        | Found an ancient bone altar of Kikubaaqudgha.
    58 | D        | Found a basalt altar of Yredelemnul.
    58 | D        | Found a shimmering altar of Xom.
    58 | D        | Found a radiant altar of Vehumet.
    59 | D        | Found an iron altar of Okawaru.
    60 | D        | Found a burning altar of Makhleb.
    61 | D        | Found a deep blue altar of Sif Muna.
    62 | D        | Found a bloodstained altar of Trog.
    63 | D        | Found a sparkling altar of Nemelex Xobeh.
    64 | D        | Found a white marble altar of Elyvilon.
    65 | D        | Found a roughly hewn altar of Beogh.
    66 | D        | Found a viscous altar of Jiyva.
    67 | D        | Became a worshipper of Warmaster Okawaru
    68 | D        | Found a corrupted altar of Lugonu.
    69 | D        | Found a blossoming altar of Fedhas.
    70 | D        | Found a snail-covered altar of Cheibriados.
    71 | D        | Found a shadowy altar of Dithmenos.
    72 | D        | Found a stormy altar of Qazlal.
    73 | D        | Found an opulent altar of Gozag.
    74 | D        | Found a sacrificial altar of Ru.
   187 | D        | Noticed a troll
   187 | D        | Noticed a jelly
   187 | D        | Noticed a gargoyle
   187 | D        | Noticed a crimson imp
   187 | D        | Noticed a worker ant
   193 | D        | HP: 1/32 [crimson imp (1)]
   198 | D        | Killed a troll
   198 | D        | Reached skill level 9 in Fighting
   198 | D        | Reached XP level 5. HP: 22/42 MP: 5/5
   198 | D        | Reached XP level 6. HP: 25/48 MP: 6/6
   201 | D        | Killed a crimson imp
   201 | D        | Reached skill level 10 in Fighting
   201 | D        | Reached skill level 1 in Stealth
   203 | D        | Killed a jelly
   208 | D        | Slain by a gargoyle

Action                   |  1- 3 |  4- 6 || total
-------------------------+-------+-------++-------
Melee: Flail             |    31 |     1 ||    32
       Dire flail        |       |    18 ||    18
  Use: Potion            |       |     2 ||     2
